 Dungeon Crawl Stone Soup version 0.25-a0-246-g58704a1ebd (webtiles) character file.

Game seed: 6592705372338532744, levelgen mode: deterministic

72 floatRand the Chopper (level 4, 4/35 HPs)
             Began as a Demonspawn Monk on Dec 3, 2019.
             Quit the game on level 2 of the Dungeon.
             The game lasted 00:01:51 (1707 turns).

floatRand the Chopper (Demonspawn Monk)             Turns: 1707, Time: 00:01:52

Health: 4/35       AC:  6    Str: 18    XL:     4   Next: 6%
Magic:  4/4        EV: 12    Int: 11    God:
Gold:   129        SH:  0    Dex: 15    Spells: 3/3 levels left

rFire    . . .     SeeInvis .   a - +0 hand axe
rCold    . . .     Gourm    .   (no shield)
rNeg     . . .     Faith    .   g - +0 ring mail
rPois    .         Spirit   .   (helmet restricted)
rElec    .         Reflect  .   (no cloak)
rCorr    .         Harm     .   (no gloves)
MR       .....                  f - +0 pair of boots (curse)
Stlth    +.........             (no amulet)
HPRegen  0.11/turn              (no ring)
MPRegen  0.09/turn              (no ring)

@: mighty, lethally poisoned (4 -> -1), hasted, very quick
A: claws 1, horns 1
a: no special abilities


You were on level 2 of the Dungeon.
You were hungry.

You visited 1 branch of the dungeon, and saw 2 of its levels.

You collected 129 gold pieces.

Inventory:

Hand Weapons
 a - a +0 hand axe (weapon)
Armour
 b - a +0 robe
 f - a cursed +0 pair of boots (worn)
 g - a +0 ring mail (worn)
Scrolls
 e - a scroll of teleportation {unknown}
 h - a scroll of noise {unknown}
 i - a scroll of remove curse {unknown}
 k - a scroll of fog {unknown}
 l - a scroll of enchant weapon {unknown}
Comestibles
 c - 4 rations


   Skills:
 - Level 3.0 Fighting
 * Level 4.0 Axes
 + Level 1.3 Armour
 - Level 2.9 Dodging
 - Level 1.7 Stealth


You had 3 spell levels left.
You didn't know any spells.
Your spell library was empty.

Dungeon Overview and Level Annotations

Branches:
Dungeon (2/15)

Altars:
Ashenzari
Gozag
Uskayaw
Wu Jian


Innate Abilities, Weirdness & Mutations

You have sharp fingernails.
You have a pair of small horns on your head.


Message History

You hit the frilled lizard.
You kill the frilled lizard!
* * * LOW HITPOINT WARNING * * *
You feel sick.
Unknown command.
You slash the goblin!
You kill the goblin!
Unknown command.
Unknown command.
Items here: $ )) † a +0 club; a +1 hand axe of flaming; 29 gold pieces; a goblin corpse
There is a lethal amount of poison in your body!
There is a lethal amount of poison in your body!
There is a lethal amount of poison in your body!
You aren't carrying any potions.
Quiver which item? (- for none, * to show all) (? for menu, Esc to quit)
You don't have any such object.
Quiver which item? (- for none, * to show all) (? for menu, Esc to quit)
Okay, then.
Are you sure you want to abandon this character and quit the game? (Confirm with "yes".)

#.###.^..........####....
#.......#.......###_(....
#######.....♣...♣....###....
#.......##...†.....# ###..
#.#####.#.♣...<...♣.. ###
######.#####.##........... #
..<...........##.♣...♣.##. #
.##.##..#.##..###.....##
.##.##..#.##....@...#.#
..............#######.## #..
.###.#..#..##.# #...# #.#
........#..##.# #...# #.#
####÷##.......# #...# #.#
.........#.#### #...########.#
.....##.......######........##...
.....##..#.##.#.........###.##..#
.....##.................# #......


There were no monsters in sight!

Vanquished Creatures
  3 adders (D:2)
  A worm (D:2)
  3 dart slugs
  3 giant cockroaches (D:1)
  6 goblins
  5 hobgoblins
  A quokka (D:2)
  4 bats
  6 frilled lizards
  2 kobolds
  4 rats
38 creatures vanquished.

Notes
Turn   | Place    | Note
-------+----------+-------------------------------------------
     0 | D:1      | floatRand the Demonspawn Monk began the quest for the Orb.
     0 | D:1      | Reached XP level 1. HP: 18/18 MP: 1/1
   240 | D:1      | Reached skill level 3 in Axes
   412 | D:1      | Gained mutation: You have sharp fingernails. [demonic
                  | ancestry]
   412 | D:1      | Reached XP level 2. HP: 24/24 MP: 2/2
  1154 | D:2      | Reached XP level 3. HP: 29/29 MP: 3/3
  1185 | D:2      | Found an ornate altar of the Wu Jian Council.
  1190 | D:2      | Found a shattered altar of Ashenzari.
  1194 | D:2      | Found a hide-covered altar of Uskayaw.
  1304 | D:2      | Reached skill level 1 in Armour
  1371 | D:2      | Found an opulent altar of Gozag.
  1703 | D:2      | Reached skill level 4 in Axes
  1703 | D:2      | Gained mutation: You have a pair of small horns on your
                  | head. [demonic ancestry]
  1703 | D:2      | Reached XP level 4. HP: 4/35 MP: 4/4
  1707 | D:2      | Quit the game

Levels and vault maps discovered:
D:1:      dpeg_arrival_more_subterranean_lakeside_camping, layout_loops_ring,
          minivault_14
D:2:      layout_loops_cross, lemuel_coloured_pillars_altar,
          minmay_overflow_temple_star_quad, grunt_ministairs_2

Skill      XL: |  1  2  3 |
---------------+----------+-----
Axes           | 3 4 |  4.0
Armour         | 1 |  1.3
Fighting       | |  3.0
Dodging        | |  2.9
Stealth        | |  1.7

Action                   |  1- 3 |  4- 6 || total
-------------------------+-------+-------++-------
Melee: Hand axe          |   144 |     2 ||   146
  Use: Potion            |     2 |       ||     2
 Stab: Sleeping          |     1 |       ||     1
  Eat: Chunk             |     2 |       ||     2
Armor: Robe              |     9 |       ||     9
       Ring mail         |    47 |       ||    47
Dodge: Dodged            |    93 |       ||    93

Table legend:
 A = Non-vault XP
 B = Vault XP
 C = Vault XP percentage of total XP
 D = Non-vault monster count
 E = Vault monster count
 F = Vault count percentage of total count
                 A         B        C        D         E       F
            +---------+---------+-------+---------+---------+-------
      Total |     100 |       3 |   2.9 |      36 |       2 |   5.3
            +---------+---------+-------+---------+---------+-------
        D:1 |      38 |       0 |   0.0 |      22 |       0 |   0.0
        D:2 |      62 |       3 |   4.6 |      14 |       2 |  12.5
            +---------+---------+-------+---------+---------+-------
